 Seeded DCSS version 0.24.0 (webtiles) character file.

Game seed: 43, levelgen mode: deterministic

240 Buxparty the Shield-Bearer (level 6, -3/39 HPs)
             Began as a Gargoyle Fighter on Feb 18, 2020.
             Killed from afar by a raiju (4 damage)
             ... with a living lightning
             ... on level 1 of the Abyss.
             The game lasted 00:05:02 (2151 turns).

Buxparty the Shield-Bearer (Gargoyle Fighter)       Turns: 2151, Time: 00:05:03

Health: -3/39      AC: 16    Str: 22    XL:     6   Next: 8%
Magic:  6/6        EV:  5    Int:  8    God:
Gold:   103        SH: 15    Dex:  9    Spells: 5/5 levels left

rFire    . . .     SeeInvis .   a - +0 trident
rCold    . . .     Gourm    .   c - +0 shield
rNeg     + . .     Faith    .   r - +3 chain mail
rPois    ∞         Spirit   .   (no helmet)
rElec    +         Reflect  +   (no cloak)
rCorr    .         Harm     .   (no gloves)
MR       .....                  (no boots)
Stlth    ..........             g - +6 amulet of reflection
HPRegen  0.13/turn              (no ring)
MPRegen  0.10/turn              (no ring)

@: no status effects
A: negative energy resistance 1, electricity resistance, unbreathing,
petrification resistance, rot immunity, AC +4
a: no special abilities


You were on level 1 of the Abyss.
You were very hungry.

You visited 1 branch of the dungeon, and saw 3 of its levels.
You visited the Abyss 1 time.

You collected 103 gold pieces.

Inventory:

Hand Weapons
 a - a +0 trident (weapon)
Armour
 c - a +0 shield (worn)
 r - a +3 chain mail (worn)
Jewellery
 g - a +6 amulet of reflection (around neck)
Scrolls
 e - 2 scrolls of magic mapping {unknown}
 h - 3 scrolls of enchant armour {unknown}
 i - 2 scrolls of random uselessness {unknown}
 k - 5 scrolls of identify {unknown}
 p - a scroll of enchant weapon {unknown}
 s - a scroll of remove curse {unknown}
Potions
 d - a potion of might
 j - a potion of berserk rage {unknown}
 l - a potion of haste {unknown}
 m - a potion of magic {unknown}
 n - a potion of mutation {unknown}
 o - a potion of degeneration {unknown}
 q - a potion of brilliance {unknown}
Comestibles
 f - 3 rations


   Skills:
 + Level 4.3 Fighting
 * Level 3.7 Polearms
 + Level 4.3 Armour
 + Level 4.3 Shields


You had 5 spell levels left.
You didn't know any spells.
Your spell library contained the following spells:

 Spells                   Type           Power        Failure   Level  Hunger
 Haunt                    Necr/Summ      #.........   100%        7    #######
 Borgnjor's Revivificati  Necr           #.........   100%        8    #######
 Death's Door             Chrm/Necr      #.........   100%        8    #######
 Infestation              Necr           #.........   100%        8    #######
 Necromutation            Tmut/Necr      #.........   100%        8    #######


Dungeon Overview and Level Annotations

Branches:
Dungeon (3/15)

Altars:


Innate Abilities, Weirdness & Mutations

You are resistant to torment.
Your stone body is resilient. (AC +4)
You are immune to poison.
You resist negative energy. (rN+)
You are resistant to electric shocks. (rElec)
You can survive without breathing.
You are immune to petrification.
You are immune to rotting.


Message History

You block the raiju's attack.
You closely miss the raiju.
The raiju is lightly wounded.
The raiju bursts into living lightning!
The living lightning hits you. You resist.
* * * LOW HITPOINT WARNING * * *
The living lightning hits the raiju.
The raiju completely resists.
The living lightning misses the raiju.
The living lightning hits the raiju.
The raiju completely resists.
The raiju blinks!
You block the raiju's attack.
You miss the raiju.
The raiju is lightly wounded.
The raiju bursts into living lightning!
The living lightning hits the raiju.
The raiju completely resists.
The living lightning hits you. You resist.
* * * LOW HITPOINT WARNING * * *
The raiju blinks!
The raiju bites you but does no damage.
The raiju bursts into living lightning!
The living lightning hits the raiju.
The raiju completely resists.
The living lightning hits you. You resist.
You die...

.# ... ..#.##
#.# #. .
..#.# #.#
##..#X.##.#
#h# ... #..#
#h# # #
##..##.# #.#
...... ...#
#§### ## #.
.# #h#..h..#
#.#...
#@#.###.##
####
#h....... ..#
#
#.###########
###


You could see 4 raiju.

Vanquished Creatures
  A crimson imp (D:3)
  2 orc priests (D:3)
  An orc wizard (D:2)
  6 adders
  An ooze (D:1)
  A dart slug (D:2)
  2 leopard geckos (D:1)
  6 orcs
  2 ball pythons
  5 giant cockroaches
  A goblin (D:2)
  3 hobgoblins
  12 kobolds
  A quokka (D:2)
  4 bats
  2 frilled lizards (D:2)
  7 rats
57 creatures vanquished.

Notes
Turn   | Place    | Note
-------+----------+-------------------------------------------
     0 | D:1      | Buxparty the Gargoyle Fighter began the quest for the Orb.
     0 | D:1      | Reached XP level 1. HP: 14/14 MP: 1/1
   217 | D:1      | Reached XP level 2. HP: 19/19 MP: 2/2
   526 | D:1      | Reached XP level 3. HP: 23/23 MP: 3/3
   808 | D:2      | Reached XP level 4. HP: 26/29 MP: 4/4
  1094 | D:2      | Reached XP level 5. HP: 18/33 MP: 5/5
  1965 | D:3      | Reached XP level 6. HP: 39/39 MP: 6/6
  2032 | D:3      | Cast into level 1 of the Abyss (orc)
  2118 | Abyss:1  | Noticed a large abomination
  2131 | Abyss:1  | Noticed a raiju
  2131 | Abyss:1  | Noticed a raiju
  2137 | Abyss:1  | Noticed a raiju
  2139 | Abyss:1  | Noticed a raiju
  2151 | Abyss:1  | HP: 1/39 [raiju/living lightning (4)]
  2151 | Abyss:1  | Killed from afar by a raiju

Levels and vault maps discovered:
D:1:      lemuel_arrival_muddy, layout_rooms, minmay_hexomino_c4
D:2:      layout_rooms, first_ration
D:3:      cheibrodos_pilgrimage, layout_basic, nicolae_gozag_zags_fifth_avenue,
          zin_angel, nicolae_ru_great_annihilating_truth, uniq_jessica
Abyss:1:  minivault_24, evilmike_abyss_exit_kraken
